 Dungeon Crawl Stone Soup version 0.26.1-11-gd32895ea62 (webtiles) character file.

Game seed: 14224223631779131409

1950 Almogavar the Thaumaturge (level 8, -14/42 HPs)
             Began as a Deep Elf Conjurer on May 7, 2021.
             Was a Follower of Sif Muna.
             Demolished by a wyvern (17 damage)
             ... on level 6 of the Dungeon.
             The game lasted 00:24:08 (6920 turns).

Almogavar the Thaumaturge (Deep Elf Conjurer)       Turns: 6920, Time: 00:24:09

Health: -14/42     AC:  5    Str:  4    XL:     8   Next: 99%
Magic:  20/24      EV: 13    Int: 30    God:    Sif Muna [*.....]
Gold:   262        SH:  0    Dex: 13    Spells: 25/28 levels left

rFire    + . .     SeeInvis .   o - staff of fire
rCold    . . .     Faith    .   (no shield)
rNeg     + . .     Spirit   .   n - +0 robe of Watchfulness {Int+4 Stlth+} (curse)
rPois    .         Reflect  .   (no helmet)
rElec    .         Harm     .   x - +1 cloak {Will+}
rCorr    .         Rampage  .   (no gloves)
Will     +....                  z - +0 pair of boots
Stlth    ++++......             (no amulet)
HPRegen  0.14/turn              e - ring of positive energy
MPRegen  0.19/turn              (no ring)

@: no status effects
A: no striking features
a: Renounce Religion, Channel Magic


You were on level 6 of the Dungeon.
You worshipped Sif Muna.
Sif Muna was aware of your devotion.
You visited 2 branches of the dungeon, and saw 7 of its levels.

You collected 262 gold pieces.

Inventory:

Hand Weapons
 b - a +0 dagger
 q - a cursed -2 falchion
 y - a +4 quarterstaff of chaos
Armour
 a - a +0 robe
 c - a +0 ring mail
 m - a +0 leather armour of fire resistance
 n - the cursed +0 robe of Watchfulness (worn) {Int+4 Stlth+}
   (You found it on level 4 of the Dungeon)

   It affects your intelligence (+4).
   It makes you more stealthy.
   It has a curse placed upon it.
 u - a +1 robe of the Archmagi
 x - a +1 cloak of willpower (worn)
 z - a +0 pair of boots (worn)
Magical Staves
 o - an uncursed staff of fire (weapon)
Jewellery
 e - a ring of positive energy (left hand)
Wands
 l - a wand of iceblast (7)
 p - a wand of flame (15)
 w - a wand of digging (8)
 C - a wand of paralysis (10)
Scrolls
 h - 4 scrolls of fog
 i - 2 scrolls of teleportation
 r - a scroll of blinking {unknown}
 v - a scroll of enchant armour
 A - 2 scrolls of fear {unknown}
Potions
 d - a potion of brilliance
 f - 2 potions of berserk rage
 g - a potion of invisibility
 j - a potion of degeneration {unknown}
 k - 2 potions of magic {unknown}
 s - a potion of curing
 t - a potion of flight {unknown}
 B - a potion of cancellation {unknown}


   Skills:
 + Level 0.6 Fighting
 + Level 1.4 Armour
 + Level 3.5 Dodging
 + Level 4.6 Stealth
 + Level 10.9 Spellcasting
 + Level 8.9 Conjurations


You had 25 spell levels left.
You knew the following spells:

 Your Spells              Type           Power        Failure   Level
a - Magic Dart            Conj           100%         1%          1
b - Searing Ray           Conj           100%         1%          2

Your spell library contained the following spells:

 Spells                   Type           Power        Failure   Level
 Dazzling Flash           Conj/Hex       86%          1%          3
 Fulminant Prism          Conj/Hex       21%          4%          4
 Iskenderun's Mystic Bla  Conj/Tloc      43%          4%          4


Dungeon Overview and Level Annotations

Branches:
Dungeon (6/15)             Temple (1/1) D:4

Altars:
Cheibriados
Dithmenos
Gozag
Hepliaklqana
Makhleb
Qazlal
Ru
Sif Muna
Trog
Wu Jian
Yredelemnul
The Shining One

Annotations:
D:4 2 transporters, manix's ghost, amateur HuAM


Message History

The wyvern is moderately wounded.
The searing ray hits the bullfrog!
The bullfrog is severely wounded.
The bullfrog gives a loud, deep croak!
Unknown command.
The searing ray hits the wyvern!
The wyvern is severely wounded.
The searing ray hits the bullfrog!
You kill the bullfrog!
Sif Muna accepts your kill. The wyvern closely misses you.
A quokka comes into view.
The wyvern bites you!
The searing ray hits the wyvern.
The wyvern is almost dead.
You finish channeling your searing ray.
The wyvern bites you! The wyvern bites you!
* * * LOW HITPOINT WARNING * * *
The wyvern bites you!
You die...

#########.####.# #.....##
...............####...[..#
#########.................
#..#######.#...... #..#
#.......#### #..#
#.##.##.# #..####.##.##.##
#..##..........#
#@.#.#########.# #.l# ###
#.(.# #...†. ....#.J
...r##... ...#. ###
##.###.


You could see a wyvern, an ooze and a quokka (wandering).

Vanquished Creatures
  A troll (D:6)
  Duvessa (D:4)
  A sky beast (D:5)
  2 phantoms
  An ice beast (D:5)
  A centaur (D:5)
  4 bullfrogs
  Dowan (D:4)
  A scorpion (D:6)
  3 hounds
  A jelly (D:3)
  2 orc priests
  Crazy Yiuf (D:5)
  A bullfrog skeleton (D:5)
  Ijyb (D:5)
  6 orc wizards
  3 worker ants
  A worker ant zombie (D:6)
  4 gnolls (D:5)
  12 adders
  3 shadow imps (D:5)
  An ufetubus (D:5)
  3 worms
  2 dart slugs
  3 leopard geckos
  26 orcs
  A ball python (D:3)
  5 giant cockroaches
  9 goblins
  13 hobgoblins
  4 jackals (D:2)
  5 quokkas
  6 bats
  7 frilled lizards
  A jackal skeleton (D:4)
  10 kobolds
  A quokka skeleton (D:4)
  11 rats
159 creatures vanquished.

Vanquished Creatures (others)
  6 plants (D:4)
  4 toadstools (D:1)
10 creatures vanquished.

Grand Total: 169 creatures vanquished

Notes
Turn   | Place    | Note
-------+----------+-------------------------------------------
     0 | D:1      | Almogavar the Deep Elf Conjurer began the quest for the
                  | Orb.
     0 | D:1      | Reached XP level 1. HP: 10/10 MP: 6/6
   194 | D:1      | Reached XP level 2. HP: 15/15 MP: 5/8
   629 | D:1      | Learned a level 2 spell: Searing Ray
   965 | D:1      | Reached skill level 5 in Conjurations
  1399 | D:2      | Reached XP level 3. HP: 19/19 MP: 2/10
  1951 | D:2      | Reached skill level 4 in Spellcasting
  2155 | D:2      | Reached XP level 4. HP: 24/24 MP: 6/12
  2758 | D:3      | Reached skill level 5 in Spellcasting
  2758 | D:3      | Reached XP level 5. HP: 28/28 MP: 9/14
  3514 | D:3      | Reached skill level 6 in Spellcasting
  3645 | D:4      | Noticed a phantom
  3657 | D:4      | Killed a phantom
  3658 | D:4      | Reached XP level 6. HP: 17/32 MP: 7/17
  3928 | D:4      | Found a transporter.
  3937 | D:4      | Identified the +9 spear of Excruciating Pain {elec, +Blink
                  | rF+++ Str-3 SInv}
  3993 | D:4      | Got a slimy robe
  4004 | D:4      | Identified the cursed +0 robe of Watchfulness {Int+4
                  | Stlth+} (You found it on level 4 of the Dungeon)
  4023 | D:4      | Found a basalt altar of Yredelemnul.
  4047 | D:4      | Reached skill level 7 in Spellcasting
  4160 | D:4      | Found a staircase to the Ecumenical Temple.
  4173 | Temple   | Entered the Ecumenical Temple
  4332 | D:4      | Noticed Duvessa
  4335 | D:4      | Noticed Dowan
  4339 | D:4      | Killed Duvessa
  4340 | D:4      | Reached XP level 7. HP: 28/36 MP: 13/20
  4344 | D:4      | Killed Dowan
  4345 | D:4      | Reached skill level 8 in Spellcasting
  4454 | D:4      | Found a transporter.
  4680 | D:4      | Identified the amulet of Odiysimn {*Corrode Regen+ Str+4
                  | Dex+4 SInv}
  4984 | D:4      | Noticed manix's ghost (amateur HuAM)
  5013 | D:5      | Entered Level 5 of the Dungeon
  5046 | D:5      | Reached skill level 1 in Armour
  5491 | D:5      | Found a shimmering blue altar of Sif Muna.
  5496 | D:5      | Became a worshipper of Sif Muna the Loreminder
  5506 | D:5      | Reached skill level 9 in Spellcasting
  5557 | D:5      | Reached XP level 8. HP: 41/41 MP: 17/23
  5843 | D:5      | Noticed Ijyb
  5846 | D:5      | Killed Ijyb
  5988 | D:5      | Found a runed translucent door.
  5989 | D:5      | Noticed Crazy Yiuf
  6174 | D:5      | Killed Crazy Yiuf
  6250 | D:6      | Reached * piety under Sif Muna
  6349 | D:6      | Reached skill level 10 in Spellcasting
  6580 | D:6      | Noticed a troll
  6593 | D:6      | Killed a troll
  6920 | D:6      | Demolished by a wyvern

Illustrated notes

Levels and vault maps discovered:
D:1:      ldierk_water_garden, layout_basic, chequers_avenue, minmay_misc_feat_x
D:2:      layout_rooms, minmay_pentomino_pile
D:3:      layout_rooms
D:4:      layout_loops_corners, yredelemnul_altar_generic,
          minmay_temple_entry_junction, gammafunk_ghost_gnarly_gnolls,
          uniq_duvessa
D:5:      layout_gridville, led_sif_book, minmay_statues_item,
          amcnicky_mini_pool_medium, uniq_crazy_yiuf_cottage, uniq_ijyb
D:6:      layout_loops_ring, marbit_many_paths
Temple:   cyrus_temple_forest

Skill      XL: |  1  2  3  4  5  6  7  8 |
---------------+-------------------------+-----
Conjurations   | 5 6 7 8 |  8.9
Spellcasting   | 4 5 6 7 9 10 | 10.9
Stealth        | 3 4 |  4.6
Armour         | 1 |  1.4
Dodging        | 3 |  3.5
Fighting       | |  0.6

Action                   |  1- 3 |  4- 6 |  7- 9 || total
-------------------------+-------+-------+-------++-------
Melee: Dagger            |    11 |       |       ||    11
       Staff             |       |       |     7 ||     7
 Cast: Magic Dart        |    92 |    80 |    93 ||   265
       Searing Ray       |       |    19 |    35 ||    54
  Use: Scroll            |     4 |     5 |     3 ||    12
Armor: Robe              |     2 |       |     6 ||     8
       Leather armour    |       |     1 |       ||     1
Dodge: Dodged            |    15 |     2 |    24 ||    41
